 Dungeon Crawl Stone Soup version 0.23.2-1-ga50397a (webtiles) character file.

Game seed: 16471747475037799286

128 Fang the Skirmisher (level 5, -9/49 HPs)
             Began as a Gargoyle Berserker on May 22, 2019.
             Was a Believer of Trog.
             Splashed by Ijyb's acid (10 damage)
             ... on level 3 of the Dungeon on May 23, 2019.
             The game lasted 00:02:35 (2857 turns).

Fang the Skirmisher (Gargoyle Berserker)            Turns: 2857, Time: 00:02:35

Health: -9/49      AC: -1    Str: 27    XL:     5   Next: 11%
Magic:  5/5        EV: 11    Int:  7    God:    Trog [**....]
Gold:   58         SH:  0    Dex:  9    Spells: 4/4 levels left

rFire    . . .     SeeInvis .   a - +0 hand axe
rCold    . . .     Gourm    .   (no shield)
rNeg     + . .     Faith    .   b - +0 animal skin
rPois    ∞         Spirit   .   (no helmet)
rElec    +         Reflect  .   (no cloak)
rCorr    .         Harm     .   (no gloves)
MR       ++...                  (no boots)
Stlth    ..........             (no amulet)
HPRegen  1.16/turn              (no ring)
MPRegen  0.09/turn              (no ring)

@: berserking, corroded, regenerating, heavily drained, very quick
A: negative energy resistance 1, electricity resistance, unbreathing,
petrification resistance, rot immunity, AC +4
a: Berserk, Trog's Hand, Renounce Religion


You were on level 3 of the Dungeon.
You worshipped Trog.
Trog was pleased with you.
You were near starving.

You visited 1 branch of the dungeon, and saw 3 of its levels.

You collected 58 gold pieces.

Inventory:

Hand Weapons
 a - a +0 hand axe (weapon)
Armour
 b - a +0 animal skin (worn)
Scrolls
 e - 3 scrolls of identify {unknown}
 f - a scroll of fog {unknown}
 g - 2 scrolls of amnesia {unknown}
 k - 3 scrolls of remove curse {unknown}
Potions
 d - a potion of heal wounds {unknown}
 h - 2 potions of flight {unknown}
 i - a potion of might {unknown}
 j - a potion of curing {unknown}
 m - a potion of resistance {unknown}
Comestibles
 c - 5 rations


   Skills:
 + Level 4.2(2.6) Fighting
 + Level 3.4(1.8) Axes
 + Level 3.3(1.7) Armour
 + Level 2.5(0.9) Dodging


You had 4 spell levels left.
You didn't know any spells.
Your spell library was empty.

Dungeon Overview and Level Annotations

Branches:
Dungeon (3/15)

Altars:

Annotations:
D:3 Ijyb


Innate Abilities, Weirdness & Mutations

You are resistant to torment.
Your stone body is resilient. (AC +4)
You are immune to poison.
You resist negative energy. (rN+)
You are resistant to electric shocks. (rElec)
You can survive without breathing.
You are immune to petrification.
You are immune to rotting.


Message History

HP restored.
You start waiting.
You are feeling hungry.
You climb downwards.
Level annotation: Ijyb Ijyb zaps a wand.
The bolt of acid hits you!
Ouch! That really hurt!
The acid corrodes you!
You are splashed with acid!
* * * LOW HITPOINT WARNING * * *
There is a stone staircase leading up here.
Your skin crawls.
You feel resistant to hostile enchantments.
You feel somewhat more hungry.
Ijyb zaps a wand.
The bolt of acid misses you.
A red film seems to cover your vision as you go berserk!
You feel yourself moving faster!
You feel mighty!
You are near starving!
Ijyb zaps a wand.
The bolt of acid hits you!
* * * LOW HITPOINT WARNING * * *
The acid corrodes you!
You are splashed with acid!
You die...

...#### .......##
......... §
.......g###### §#
.......)#....# §#.
........#....+ ...
........####.# ..
.../....g....#.#+##
..........@.......+
.......###<....#.##
$...... #######
....... ......(
#######


You could see Ijyb.

Vanquished Creatures
  Terence (D:2)
  Robin (D:2)
  2 adders
  2 worms (D:2)
  4 dart slugs
  A leopard gecko (D:1)
  A giant cockroach (D:1)
  10 goblins
  9 hobgoblins
  9 bats
  5 frilled lizards
  6 kobolds
  6 rats
57 creatures vanquished.

Vanquished Creatures (others)
  A hobgoblin (D:3)
1 creature vanquished.

Grand Total: 58 creatures vanquished

Notes
Turn   | Place    | Note
-------+----------+-------------------------------------------
     0 | D:1      | Fang the Gargoyle Berserker began the quest for the Orb.
     0 | D:1      | Reached XP level 1. HP: 14/14 MP: 1/1
   115 | D:1      | Reached XP level 2. HP: 17/19 MP: 2/2
   281 | D:1      | Reached ** piety under Trog
   281 | D:1      | Reached XP level 3. HP: 9/23 MP: 3/3
  1192 | D:2      | Noticed Terence
  1211 | D:2      | Killed Terence
  1211 | D:2      | Reached XP level 4. HP: 17/29 MP: 4/4
  1488 | D:2      | Reached skill level 4 in Fighting
  2028 | D:2      | Noticed Robin
  2043 | D:2      | Killed Robin
  2268 | D:2      | Reached XP level 5. HP: 33/33 MP: 5/5
  2519 | D:3      | Noticed Ijyb
  2857 | D:3      | HP: 1/49 [Ijyb/wand of acid (8) (11)]
  2857 | D:3      | Splashed by Ijyb's acid

Skill      XL: |  1  2  3  4 |
---------------+-------------+-----
Axes           | 3 |  3.4
Dodging        | 2 |  2.5
Armour         | 3 |  3.3
Fighting       | 4 |  4.2

Action                   |  1- 3 |  4- 6 || total
-------------------------+-------+-------++-------
Melee: Hand axe          |   110 |    96 ||   206
Invok: Berserk           |       |     2 ||     2
       Trog's Hand       |       |     1 ||     1
 Stab: Sleeping          |     1 |       ||     1
  Eat: Chunk             |     1 |     6 ||     7
Armor: Animal skin       |    48 |    59 ||   107
Dodge: Dodged            |    72 |    95 ||   167
